 Dungeon Sprint DCSS version 0.17-a0-1575-g9a29ec8 (webtiles) character file.

0 nuthulu the Shield-Bearer (level 1, -1/14 HPs)
             Began as a Gargoyle Fighter on July 26, 2015.
             Killed by an exploding giant spore (8 damage)
             ... in the Dungeon (Sprint VI: "Thunderdome").
             The game lasted 00:00:19 (10 turns).

nuthulu the Shield-Bearer (Gargoyle Fighter)          Turns: 10, Time: 00:00:19

Health: -1/14      AC:  9    Str: 19    XL:     1   Next: 0%
Magic:  1/1        EV:  7    Int:  8    God:
Gold:   200        SH:  9    Dex:  9    Spells: 0 memorised, 0 levels left

rFire  . . .     SeeInvis .     a - +0 flail
rCold  . . .     Clarity  .     b - +0 scale mail
rNeg   + . .     SustAt   .     c - +0 shield
rPois  ∞         Gourm    .     (no helmet)
rElec  +         Spirit   .     (no cloak)
rCorr  .         Warding  .     (no gloves)
rMut   .         NoTele   +     (no boots)
MR     .....                    (no amulet)
Stlth  ..........               (no ring)
                                (no ring)

@: very slightly contaminated, not resistant to hostile enchantments, extremely
unstealthy
A: negative energy resistance 1, electricity resistance, unbreathing,
petrification resistance, rot immunity, AC +2
a: no special abilities


You were in the Dungeon.
You were not hungry.

You visited 1 branch You collected 200 gold pieces.

Inventory:

Hand weapons
 a - a +0 flail (weapon)
Armour
 b - a +0 scale mail (worn)
 c - a +0 shield (worn)
Magical devices
 l - a wand of cold (5)
 m - a wand of fire (5)
Scrolls
 k - 3 scrolls of blinking
 n - 3 scrolls of fog
Potions
 d - a potion of might
 f - a potion of curing
 g - 4 potions of heal wounds
 h - 4 potions of haste
 i - 2 potions of magic
 j - a potion of berserk rage
 o - a potion of resistance
Comestibles
 e - a bread ration


   Skills:
 + Level 3.2 Fighting
 + Level 2.0 Maces & Flails
 + Level 3.2 Armour
 + Level 3.2 Shields


You couldn't memorise any spells.
You didn't know any spells.

Dungeon Overview and Level Annotations

Branches:
Dungeon (1/1)

Altars:
Cheibriados
Dithmenos
Okawaru
Qazlal
Trog
Yredelemnul
Zin
Jiyva

Shops:
D *[%???:(


Innate Abilities, Weirdness & Mutations

You are resistant to torment.
Your stone body is resilient (AC +2).
You are immune to poison.
You resist negative energy.
You are resistant to electric shocks.
You can survive without breathing.
You are immune to petrification.
You are immune to rotting.


Message History

You hear an explosion! x94
Read which item? (? for menu, Esc to quit)
Blink to where?
Press: ? - help, Dir - move target cursor You are very lightly contaminated with residual magic.
As you read the scroll of blinking, it crumbles to dust.
The giant spore waves its rhizomes. x8
A ballistomycete grows in the wake of the giant spore.
You hear an explosion! x34
A ballistomycete grows in the wake of the giant spore.
The giant spore explodes!
A fungus suddenly grows.
The explosion of spores engulfs you!
Ouch! That really hurt!
The explosion of spores engulfs the giant spore.
The giant spore explodes!
The explosion of spores engulfs the giant spore.
The giant spore explodes!
The explosion of spores engulfs you!
Ouch! That really hurt!
You die...

##***.*## ##∩.....∩##
#P..*....∩#
#*........#
#_......._#
#........_#
###.........###
#**...@P.*P.PP#
######.8....*.*..8*#
##∩.._P*....###...P..
###∩P.......8.# .8...
#P.P...§......###.....
PP.PP......###...# ..
P..PP...*..# #.<.# .
*P..P......# #...#
#PP...........###..


There were no monsters in sight!

Vanquished Creatures (others)
  32 giant spores (D)
32 creatures vanquished.

Notes
Turn   | Place    | Note
--------------------------------------------------------------
     0 | D        | nuthulu the Gargoyle Fighter began the quest for the Orb.
     0 | D        | Reached XP level 1. HP: 14/14 MP: 1/1
     1 | D        | Found a glowing silver altar of Zin.
     2 | D        | Found a viscous altar of Jiyva.
     3 | D        | Found a shadowy altar of Dithmenos.
     4 | D        | Found Ynwyomin's Bee Food.
     4 | D        | Found a basalt altar of Yredelemnul.
     4 | D        | Found a stormy altar of Qazlal.
     4 | D        | Found Golleixa's Identification Station.
     5 | D        | Found Meugich's Jewellery.
     5 | D        | Found Melirhig's Advanced Armour.
     5 | D        | Round 1.
    10 | D        | Found a bloodstained altar of Trog.
    10 | D        | Found a snail-covered altar of Cheibriados.
    10 | D        | Found an iron altar of Okawaru.
    10 | D        | Found Ytzusah's Magic Scroll Shop.
    10 | D        | Found Nyusu's Staff Store.
    10 | D        | Found Hivisoi's Magic Scroll Shop.
    10 | D        | Found Usunn's Must-Have Magic.
    10 | D        | Killed by an exploding giant spore

Vault maps used:
D:        arena_sprint

Action                   || total
-------------------------++-------
  Use: Scroll            ||     1
